%YAML 1.1
%TAG !u! tag:unity3d.com,2011:
--- !u!1 &102754
GameObject:
  m_ObjectHideFlags: 0
  m_CorrespondingSourceObject: {fileID: 0}
  m_PrefabInstance: {fileID: 0}
  m_PrefabAsset: {fileID: 0}
  serializedVersion: 6
  m_Component:
  - component: {fileID: 447624}
  - component: {fileID: 2576433169424336353}
  - component: {fileID: 2217557073755231482}
  m_Layer: 9
  m_Name: Spear (Throwable)
  m_TagString: Untagged
  m_Icon: {fileID: 0}
  m_NavMeshLayer: 0
  m_StaticEditorFlags: 0
  m_IsActive: 1
--- !u!4 &447624
Transform:
  m_ObjectHideFlags: 0
  m_CorrespondingSourceObject: {fileID: 0}
  m_PrefabInstance: {fileID: 0}
  m_PrefabAsset: {fileID: 0}
  m_GameObject: {fileID: 102754}
  m_LocalRotation: {x: -0.5090561, y: -0, z: -0, w: 0.86073333}
  m_LocalPosition: {x: 0, y: 0, z: 0}
  m_LocalScale: {x: 1, y: 1, z: 1}
  m_Children:
  - {fileID: 496066}
  m_Father: {fileID: 0}
  m_RootOrder: 0
  m_LocalEulerAnglesHint: {x: -61.202003, y: 0, z: 0}
--- !u!54 &2576433169424336353
Rigidbody:
  m_ObjectHideFlags: 0
  m_CorrespondingSourceObject: {fileID: 0}
  m_PrefabInstance: {fileID: 0}
  m_PrefabAsset: {fileID: 0}
  m_GameObject: {fileID: 102754}
  serializedVersion: 2
  m_Mass: 1
  m_Drag: 0
  m_AngularDrag: 0.05
  m_UseGravity: 1
  m_IsKinematic: 0
  m_Interpolate: 0
  m_Constraints: 0
  m_CollisionDetection: 0
--- !u!114 &2217557073755231482
MonoBehaviour:
  m_ObjectHideFlags: 0
  m_CorrespondingSourceObject: {fileID: 0}
  m_PrefabInstance: {fileID: 0}
  m_PrefabAsset: {fileID: 0}
  m_GameObject: {fileID: 102754}
  m_Enabled: 1
  m_EditorHideFlags: 0
  m_Script: {fileID: 11500000, guid: 1335ad2a2b8fab546b6b3c4310db2377, type: 3}
  m_Name: 
  m_EditorClassIdentifier: 
  owner: {fileID: 0}
  particles: {fileID: 3308989549857115449}
  disable:
  - {fileID: 2350038}
  - {fileID: 2353836}
  - {fileID: 2356246}
--- !u!1 &140322
GameObject:
  m_ObjectHideFlags: 0
  m_CorrespondingSourceObject: {fileID: 0}
  m_PrefabInstance: {fileID: 0}
  m_PrefabAsset: {fileID: 0}
  serializedVersion: 6
  m_Component:
  - component: {fileID: 400694}
  - component: {fileID: 3365198}
  - component: {fileID: 2353836}
  - component: {fileID: 1667730357892721785}
  m_Layer: 9
  m_Name: Spear05_head
  m_TagString: Untagged
  m_Icon: {fileID: 0}
  m_NavMeshLayer: 0
  m_StaticEditorFlags: 0
  m_IsActive: 1
--- !u!4 &400694
Transform:
  m_ObjectHideFlags: 0
  m_CorrespondingSourceObject: {fileID: 0}
  m_PrefabInstance: {fileID: 0}
  m_PrefabAsset: {fileID: 0}
  m_GameObject: {fileID: 140322}
  m_LocalRotation: {x: 0, y: 0, z: 0, w: 1}
  m_LocalPosition: {x: -0.000047655274, y: 0.99499655, z: -0.000024648478}
  m_LocalScale: {x: 1, y: 1, z: 1}
  m_Children: []
  m_Father: {fileID: 496066}
  m_RootOrder: 1
  m_LocalEulerAnglesHint: {x: 0, y: 0, z: 0}
--- !u!33 &3365198
MeshFilter:
  m_ObjectHideFlags: 0
  m_CorrespondingSourceObject: {fileID: 0}
  m_PrefabInstance: {fileID: 0}
  m_PrefabAsset: {fileID: 0}
  m_GameObject: {fileID: 140322}
  m_Mesh: {fileID: 4300000, guid: 3611dda95e5315f47afe6417f71127f5, type: 3}
--- !u!23 &2353836
MeshRenderer:
  m_ObjectHideFlags: 0
  m_CorrespondingSourceObject: {fileID: 0}
  m_PrefabInstance: {fileID: 0}
  m_PrefabAsset: {fileID: 0}
  m_GameObject: {fileID: 140322}
  m_Enabled: 1
  m_CastShadows: 1
  m_ReceiveShadows: 1
  m_DynamicOccludee: 1
  m_MotionVectors: 1
  m_LightProbeUsage: 1
  m_ReflectionProbeUsage: 1
  m_RenderingLayerMask: 1
  m_RendererPriority: 0
  m_Materials:
  - {fileID: 2100000, guid: db21a394afe44474aaab4ac5557c006c, type: 2}
  m_StaticBatchInfo:
    firstSubMesh: 0
    subMeshCount: 0
  m_StaticBatchRoot: {fileID: 0}
  m_ProbeAnchor: {fileID: 0}
  m_LightProbeVolumeOverride: {fileID: 0}
  m_ScaleInLightmap: 1
  m_PreserveUVs: 0
  m_IgnoreNormalsForChartDetection: 0
  m_ImportantGI: 0
  m_StitchLightmapSeams: 0
  m_SelectedEditorRenderState: 3
  m_MinimumChartSize: 4
  m_AutoUVMaxDistance: 0.5
  m_AutoUVMaxAngle: 89
  m_LightmapParameters: {fileID: 0}
  m_SortingLayerID: 0
  m_SortingLayer: 0
  m_SortingOrder: 0
--- !u!65 &1667730357892721785
BoxCollider:
  m_ObjectHideFlags: 0
  m_CorrespondingSourceObject: {fileID: 0}
  m_PrefabInstance: {fileID: 0}
  m_PrefabAsset: {fileID: 0}
  m_GameObject: {fileID: 140322}
  m_Material: {fileID: 0}
  m_IsTrigger: 1
  m_Enabled: 1
  serializedVersion: 2
  m_Size: {x: 0.19090888, y: 0.77, z: 0.03606636}
  m_Center: {x: 0, y: 0.046834603, z: 0.000024647452}
--- !u!1 &146450
GameObject:
  m_ObjectHideFlags: 0
  m_CorrespondingSourceObject: {fileID: 0}
  m_PrefabInstance: {fileID: 0}
  m_PrefabAsset: {fileID: 0}
  serializedVersion: 6
  m_Component:
  - component: {fileID: 488238}
  - component: {fileID: 3378884}
  - component: {fileID: 2356246}
  m_Layer: 9
  m_Name: Spear05_holster
  m_TagString: Untagged
  m_Icon: {fileID: 0}
  m_NavMeshLayer: 0
  m_StaticEditorFlags: 0
  m_IsActive: 1
--- !u!4 &488238
Transform:
  m_ObjectHideFlags: 0
  m_CorrespondingSourceObject: {fileID: 0}
  m_PrefabInstance: {fileID: 0}
  m_PrefabAsset: {fileID: 0}
  m_GameObject: {fileID: 146450}
  m_LocalRotation: {x: 0, y: 0, z: 0, w: 1}
  m_LocalPosition: {x: -0.0000000010913936, y: 0.56171715, z: -7.6397555e-11}
  m_LocalScale: {x: 1, y: 1, z: 1}
  m_Children: []
  m_Father: {fileID: 496066}
  m_RootOrder: 2
  m_LocalEulerAnglesHint: {x: 0, y: 0, z: 0}
--- !u!33 &3378884
MeshFilter:
  m_ObjectHideFlags: 0
  m_CorrespondingSourceObject: {fileID: 0}
  m_PrefabInstance: {fileID: 0}
  m_PrefabAsset: {fileID: 0}
  m_GameObject: {fileID: 146450}
  m_Mesh: {fileID: 4300002, guid: 3611dda95e5315f47afe6417f71127f5, type: 3}
--- !u!23 &2356246
MeshRenderer:
  m_ObjectHideFlags: 0
  m_CorrespondingSourceObject: {fileID: 0}
  m_PrefabInstance: {fileID: 0}
  m_PrefabAsset: {fileID: 0}
  m_GameObject: {fileID: 146450}
  m_Enabled: 1
  m_CastShadows: 1
  m_ReceiveShadows: 1
  m_DynamicOccludee: 1
  m_MotionVectors: 1
  m_LightProbeUsage: 1
  m_ReflectionProbeUsage: 1
  m_RenderingLayerMask: 1
  m_RendererPriority: 0
  m_Materials:
  - {fileID: 2100000, guid: db21a394afe44474aaab4ac5557c006c, type: 2}
  m_StaticBatchInfo:
    firstSubMesh: 0
    subMeshCount: 0
  m_StaticBatchRoot: {fileID: 0}
  m_ProbeAnchor: {fileID: 0}
  m_LightProbeVolumeOverride: {fileID: 0}
  m_ScaleInLightmap: 1
  m_PreserveUVs: 0
  m_IgnoreNormalsForChartDetection: 0
  m_ImportantGI: 0
  m_StitchLightmapSeams: 0
  m_SelectedEditorRenderState: 3
  m_MinimumChartSize: 4
  m_AutoUVMaxDistance: 0.5
  m_AutoUVMaxAngle: 89
  m_LightmapParameters: {fileID: 0}
  m_SortingLayerID: 0
  m_SortingLayer: 0
  m_SortingOrder: 0
--- !u!1 &179352
GameObject:
  m_ObjectHideFlags: 0
  m_CorrespondingSourceObject: {fileID: 0}
  m_PrefabInstance: {fileID: 0}
  m_PrefabAsset: {fileID: 0}
  serializedVersion: 6
  m_Component:
  - component: {fileID: 496066}
  m_Layer: 9
  m_Name: Spear
  m_TagString: Untagged
  m_Icon: {fileID: 0}
  m_NavMeshLayer: 0
  m_StaticEditorFlags: 0
  m_IsActive: 1
--- !u!4 &496066
Transform:
  m_ObjectHideFlags: 0
  m_CorrespondingSourceObject: {fileID: 0}
  m_PrefabInstance: {fileID: 0}
  m_PrefabAsset: {fileID: 0}
  m_GameObject: {fileID: 179352}
  m_LocalRotation: {x: 0, y: 0, z: 0, w: 1}
  m_LocalPosition: {x: -0, y: -0.018, z: -0}
  m_LocalScale: {x: 1, y: 1, z: 1}
  m_Children:
  - {fileID: 418932}
  - {fileID: 400694}
  - {fileID: 488238}
  - {fileID: 3308989549856918105}
  m_Father: {fileID: 447624}
  m_RootOrder: 0
  m_LocalEulerAnglesHint: {x: 0, y: 0, z: 0}
--- !u!1 &194390
GameObject:
  m_ObjectHideFlags: 0
  m_CorrespondingSourceObject: {fileID: 0}
  m_PrefabInstance: {fileID: 0}
  m_PrefabAsset: {fileID: 0}
  serializedVersion: 6
  m_Component:
  - component: {fileID: 418932}
  - component: {fileID: 3376998}
  - component: {fileID: 2350038}
  m_Layer: 9
  m_Name: Spear05_grip
  m_TagString: Untagged
  m_Icon: {fileID: 0}
  m_NavMeshLayer: 0
  m_StaticEditorFlags: 0
  m_IsActive: 1
--- !u!4 &418932
Transform:
  m_ObjectHideFlags: 0
  m_CorrespondingSourceObject: {fileID: 0}
  m_PrefabInstance: {fileID: 0}
  m_PrefabAsset: {fileID: 0}
  m_GameObject: {fileID: 194390}
  m_LocalRotation: {x: 0, y: 0, z: 0, w: 1}
  m_LocalPosition: {x: -0.0000000015133992, y: -0.20168316, z: -1.6007107e-10}
  m_LocalScale: {x: 1, y: 1, z: 1}
  m_Children: []
  m_Father: {fileID: 496066}
  m_RootOrder: 0
  m_LocalEulerAnglesHint: {x: 0, y: 0, z: 0}
--- !u!33 &3376998
MeshFilter:
  m_ObjectHideFlags: 0
  m_CorrespondingSourceObject: {fileID: 0}
  m_PrefabInstance: {fileID: 0}
  m_PrefabAsset: {fileID: 0}
  m_GameObject: {fileID: 194390}
  m_Mesh: {fileID: 4300004, guid: 3611dda95e5315f47afe6417f71127f5, type: 3}
--- !u!23 &2350038
MeshRenderer:
  m_ObjectHideFlags: 0
  m_CorrespondingSourceObject: {fileID: 0}
  m_PrefabInstance: {fileID: 0}
  m_PrefabAsset: {fileID: 0}
  m_GameObject: {fileID: 194390}
  m_Enabled: 1
  m_CastShadows: 1
  m_ReceiveShadows: 1
  m_DynamicOccludee: 1
  m_MotionVectors: 1
  m_LightProbeUsage: 1
  m_ReflectionProbeUsage: 1
  m_RenderingLayerMask: 1
  m_RendererPriority: 0
  m_Materials:
  - {fileID: 2100000, guid: 993f1387325fe2d4aa3c3bb7dba4211f, type: 2}
  m_StaticBatchInfo:
    firstSubMesh: 0
    subMeshCount: 0
  m_StaticBatchRoot: {fileID: 0}
  m_ProbeAnchor: {fileID: 0}
  m_LightProbeVolumeOverride: {fileID: 0}
  m_ScaleInLightmap: 1
  m_PreserveUVs: 0
  m_IgnoreNormalsForChartDetection: 0
  m_ImportantGI: 0
  m_StitchLightmapSeams: 0
  m_SelectedEditorRenderState: 3
  m_MinimumChartSize: 4
  m_AutoUVMaxDistance: 0.5
  m_AutoUVMaxAngle: 89
  m_LightmapParameters: {fileID: 0}
  m_SortingLayerID: 0
  m_SortingLayer: 0
  m_SortingOrder: 0
--- !u!1001 &3308989549856949395
PrefabInstance:
  m_ObjectHideFlags: 0
  serializedVersion: 2
  m_Modification:
    m_TransformParent: {fileID: 496066}
    m_Modifications:
    - target: {fileID: 166314, guid: f72d7d5757bbe0a4fb28a017f383a36b, type: 3}
      propertyPath: m_Name
      value: dissolve effect (1)
      objectReference: {fileID: 0}
    - target: {fileID: 166314, guid: f72d7d5757bbe0a4fb28a017f383a36b, type: 3}
      propertyPath: m_IsActive
      value: 1
      objectReference: {fileID: 0}
    - target: {fileID: 495306, guid: f72d7d5757bbe0a4fb28a017f383a36b, type: 3}
      propertyPath: m_LocalPosition.x
      value: -0.008
      objectReference: {fileID: 0}
    - target: {fileID: 495306, guid: f72d7d5757bbe0a4fb28a017f383a36b, type: 3}
      propertyPath: m_LocalPosition.y
      value: 0.355
      objectReference: {fileID: 0}
    - target: {fileID: 495306, guid: f72d7d5757bbe0a4fb28a017f383a36b, type: 3}
      propertyPath: m_LocalPosition.z
      value: 0
      objectReference: {fileID: 0}
    - target: {fileID: 495306, guid: f72d7d5757bbe0a4fb28a017f383a36b, type: 3}
      propertyPath: m_LocalRotation.x
      value: -0.000000059604645
      objectReference: {fileID: 0}
    - target: {fileID: 495306, guid: f72d7d5757bbe0a4fb28a017f383a36b, type: 3}
      propertyPath: m_LocalRotation.y
      value: 0.000000029802322
      objectReference: {fileID: 0}
    - target: {fileID: 495306, guid: f72d7d5757bbe0a4fb28a017f383a36b, type: 3}
      propertyPath: m_LocalRotation.z
      value: -0.7153558
      objectReference: {fileID: 0}
    - target: {fileID: 495306, guid: f72d7d5757bbe0a4fb28a017f383a36b, type: 3}
      propertyPath: m_LocalRotation.w
      value: -0.6987604
      objectReference: {fileID: 0}
    - target: {fileID: 495306, guid: f72d7d5757bbe0a4fb28a017f383a36b, type: 3}
      propertyPath: m_RootOrder
      value: 3
      objectReference: {fileID: 0}
    - target: {fileID: 495306, guid: f72d7d5757bbe0a4fb28a017f383a36b, type: 3}
      propertyPath: m_LocalEulerAnglesHint.x
      value: 0
      objectReference: {fileID: 0}
    - target: {fileID: 495306, guid: f72d7d5757bbe0a4fb28a017f383a36b, type: 3}
      propertyPath: m_LocalEulerAnglesHint.y
      value: 0
      objectReference: {fileID: 0}
    - target: {fileID: 495306, guid: f72d7d5757bbe0a4fb28a017f383a36b, type: 3}
      propertyPath: m_LocalEulerAnglesHint.z
      value: -268.655
      objectReference: {fileID: 0}
    - target: {fileID: 495306, guid: f72d7d5757bbe0a4fb28a017f383a36b, type: 3}
      propertyPath: m_LocalScale.x
      value: 1.001808
      objectReference: {fileID: 0}
    - target: {fileID: 495306, guid: f72d7d5757bbe0a4fb28a017f383a36b, type: 3}
      propertyPath: m_LocalScale.y
      value: 1.1563087
      objectReference: {fileID: 0}
    - target: {fileID: 495306, guid: f72d7d5757bbe0a4fb28a017f383a36b, type: 3}
      propertyPath: m_LocalScale.z
      value: 1.1563019
      objectReference: {fileID: 0}
    - target: {fileID: 19869046, guid: f72d7d5757bbe0a4fb28a017f383a36b, type: 3}
      propertyPath: EmissionModule.rateOverTime.maxCurve.m_Curve.Array.size
      value: 2
      objectReference: {fileID: 0}
    - target: {fileID: 19869046, guid: f72d7d5757bbe0a4fb28a017f383a36b, type: 3}
      propertyPath: EmissionModule.m_Bursts.Array.size
      value: 1
      objectReference: {fileID: 0}
    - target: {fileID: 19869046, guid: f72d7d5757bbe0a4fb28a017f383a36b, type: 3}
      propertyPath: EmissionModule.m_Bursts.Array.data[0].countCurve.maxCurve.m_Curve.Array.size
      value: 2
      objectReference: {fileID: 0}
    - target: {fileID: 19869046, guid: f72d7d5757bbe0a4fb28a017f383a36b, type: 3}
      propertyPath: EmissionModule.m_Bursts.Array.data[0].countCurve.minCurve.m_Curve.Array.size
      value: 2
      objectReference: {fileID: 0}
    - target: {fileID: 19869046, guid: f72d7d5757bbe0a4fb28a017f383a36b, type: 3}
      propertyPath: looping
      value: 0
      objectReference: {fileID: 0}
    - target: {fileID: 19869046, guid: f72d7d5757bbe0a4fb28a017f383a36b, type: 3}
      propertyPath: InitialModule.startSpeed.scalar
      value: -0.02
      objectReference: {fileID: 0}
    - target: {fileID: 19869046, guid: f72d7d5757bbe0a4fb28a017f383a36b, type: 3}
      propertyPath: InitialModule.startSpeed.minScalar
      value: -0.01
      objectReference: {fileID: 0}
    - target: {fileID: 19869046, guid: f72d7d5757bbe0a4fb28a017f383a36b, type: 3}
      propertyPath: InitialModule.startSize.scalar
      value: 0.2
      objectReference: {fileID: 0}
    - target: {fileID: 19869046, guid: f72d7d5757bbe0a4fb28a017f383a36b, type: 3}
      propertyPath: InitialModule.startSize.minScalar
      value: 0.3
      objectReference: {fileID: 0}
    - target: {fileID: 19869046, guid: f72d7d5757bbe0a4fb28a017f383a36b, type: 3}
      propertyPath: InitialModule.maxNumParticles
      value: 5000
      objectReference: {fileID: 0}
    - target: {fileID: 19869046, guid: f72d7d5757bbe0a4fb28a017f383a36b, type: 3}
      propertyPath: ShapeModule.type
      value: 12
      objectReference: {fileID: 0}
    - target: {fileID: 19869046, guid: f72d7d5757bbe0a4fb28a017f383a36b, type: 3}
      propertyPath: ShapeModule.m_SkinnedMeshRenderer
      value: 
      objectReference: {fileID: 0}
    - target: {fileID: 19869046, guid: f72d7d5757bbe0a4fb28a017f383a36b, type: 3}
      propertyPath: ShapeModule.radius.value
      value: 0.80455464
      objectReference: {fileID: 0}
    - target: {fileID: 19869046, guid: f72d7d5757bbe0a4fb28a017f383a36b, type: 3}
      propertyPath: ShapeModule.arc.mode
      value: 1
      objectReference: {fileID: 0}
    - target: {fileID: 19869046, guid: f72d7d5757bbe0a4fb28a017f383a36b, type: 3}
      propertyPath: EmissionModule.rateOverTime.minMaxState
      value: 0
      objectReference: {fileID: 0}
    - target: {fileID: 19869046, guid: f72d7d5757bbe0a4fb28a017f383a36b, type: 3}
      propertyPath: EmissionModule.rateOverTime.scalar
      value: 0
      objectReference: {fileID: 0}
    - target: {fileID: 19869046, guid: f72d7d5757bbe0a4fb28a017f383a36b, type: 3}
      propertyPath: EmissionModule.rateOverTime.maxCurve.m_Curve.Array.data[0].time
      value: 0.03409195
      objectReference: {fileID: 0}
    - target: {fileID: 19869046, guid: f72d7d5757bbe0a4fb28a017f383a36b, type: 3}
      propertyPath: EmissionModule.rateOverTime.maxCurve.m_Curve.Array.data[0].value
      value: 0.6652527
      objectReference: {fileID: 0}
    - target: {fileID: 19869046, guid: f72d7d5757bbe0a4fb28a017f383a36b, type: 3}
      propertyPath: EmissionModule.rateOverTime.maxCurve.m_Curve.Array.data[1].time
      value: 1
      objectReference: {fileID: 0}
    - target: {fileID: 19869046, guid: f72d7d5757bbe0a4fb28a017f383a36b, type: 3}
      propertyPath: EmissionModule.rateOverTime.maxCurve.m_Curve.Array.data[1].value
      value: 1
      objectReference: {fileID: 0}
    - target: {fileID: 19869046, guid: f72d7d5757bbe0a4fb28a017f383a36b, type: 3}
      propertyPath: EmissionModule.m_BurstCount
      value: 1
      objectReference: {fileID: 0}
    - target: {fileID: 19869046, guid: f72d7d5757bbe0a4fb28a017f383a36b, type: 3}
      propertyPath: EmissionModule.m_Bursts.Array.data[0].countCurve.scalar
      value: 1000
      objectReference: {fileID: 0}
    - target: {fileID: 19869046, guid: f72d7d5757bbe0a4fb28a017f383a36b, type: 3}
      propertyPath: EmissionModule.m_Bursts.Array.data[0].countCurve.minScalar
      value: 30
      objectReference: {fileID: 0}
    - target: {fileID: 19869046, guid: f72d7d5757bbe0a4fb28a017f383a36b, type: 3}
      propertyPath: EmissionModule.m_Bursts.Array.data[0].countCurve.maxCurve.m_Curve.Array.data[0].value
      value: 1
      objectReference: {fileID: 0}
    - target: {fileID: 19869046, guid: f72d7d5757bbe0a4fb28a017f383a36b, type: 3}
      propertyPath: EmissionModule.m_Bursts.Array.data[0].countCurve.maxCurve.m_Curve.Array.data[0].inWeight
      value: 0.33333334
      objectReference: {fileID: 0}
    - target: {fileID: 19869046, guid: f72d7d5757bbe0a4fb28a017f383a36b, type: 3}
      propertyPath: EmissionModule.m_Bursts.Array.data[0].countCurve.maxCurve.m_Curve.Array.data[0].outWeight
      value: 0.33333334
      objectReference: {fileID: 0}
    - target: {fileID: 19869046, guid: f72d7d5757bbe0a4fb28a017f383a36b, type: 3}
      propertyPath: EmissionModule.m_Bursts.Array.data[0].countCurve.maxCurve.m_Curve.Array.data[1].time
      value: 1
      objectReference: {fileID: 0}
    - target: {fileID: 19869046, guid: f72d7d5757bbe0a4fb28a017f383a36b, type: 3}
      propertyPath: EmissionModule.m_Bursts.Array.data[0].countCurve.maxCurve.m_Curve.Array.data[1].value
      value: 1
      objectReference: {fileID: 0}
    - target: {fileID: 19869046, guid: f72d7d5757bbe0a4fb28a017f383a36b, type: 3}
      propertyPath: EmissionModule.m_Bursts.Array.data[0].countCurve.maxCurve.m_Curve.Array.data[1].inWeight
      value: 0.33333334
      objectReference: {fileID: 0}
    - target: {fileID: 19869046, guid: f72d7d5757bbe0a4fb28a017f383a36b, type: 3}
      propertyPath: EmissionModule.m_Bursts.Array.data[0].countCurve.maxCurve.m_Curve.Array.data[1].outWeight
      value: 0.33333334
      objectReference: {fileID: 0}
    - target: {fileID: 19869046, guid: f72d7d5757bbe0a4fb28a017f383a36b, type: 3}
      propertyPath: EmissionModule.m_Bursts.Array.data[0].countCurve.maxCurve.m_PreInfinity
      value: 2
      objectReference: {fileID: 0}
    - target: {fileID: 19869046, guid: f72d7d5757bbe0a4fb28a017f383a36b, type: 3}
      propertyPath: EmissionModule.m_Bursts.Array.data[0].countCurve.maxCurve.m_PostInfinity
      value: 2
      objectReference: {fileID: 0}
    - target: {fileID: 19869046, guid: f72d7d5757bbe0a4fb28a017f383a36b, type: 3}
      propertyPath: EmissionModule.m_Bursts.Array.data[0].countCurve.maxCurve.m_RotationOrder
      value: 4
      objectReference: {fileID: 0}
    - target: {fileID: 19869046, guid: f72d7d5757bbe0a4fb28a017f383a36b, type: 3}
      propertyPath: EmissionModule.m_Bursts.Array.data[0].countCurve.minCurve.m_Curve.Array.data[0].value
      value: 1
      objectReference: {fileID: 0}
    - target: {fileID: 19869046, guid: f72d7d5757bbe0a4fb28a017f383a36b, type: 3}
      propertyPath: EmissionModule.m_Bursts.Array.data[0].countCurve.minCurve.m_Curve.Array.data[0].inWeight
      value: 0.33333334
      objectReference: {fileID: 0}
    - target: {fileID: 19869046, guid: f72d7d5757bbe0a4fb28a017f383a36b, type: 3}
      propertyPath: EmissionModule.m_Bursts.Array.data[0].countCurve.minCurve.m_Curve.Array.data[0].outWeight
      value: 0.33333334
      objectReference: {fileID: 0}
    - target: {fileID: 19869046, guid: f72d7d5757bbe0a4fb28a017f383a36b, type: 3}
      propertyPath: EmissionModule.m_Bursts.Array.data[0].countCurve.minCurve.m_Curve.Array.data[1].time
      value: 1
      objectReference: {fileID: 0}
    - target: {fileID: 19869046, guid: f72d7d5757bbe0a4fb28a017f383a36b, type: 3}
      propertyPath: EmissionModule.m_Bursts.Array.data[0].countCurve.minCurve.m_Curve.Array.data[1].value
      value: 1
      objectReference: {fileID: 0}
    - target: {fileID: 19869046, guid: f72d7d5757bbe0a4fb28a017f383a36b, type: 3}
      propertyPath: EmissionModule.m_Bursts.Array.data[0].countCurve.minCurve.m_Curve.Array.data[1].inWeight
      value: 0.33333334
      objectReference: {fileID: 0}
    - target: {fileID: 19869046, guid: f72d7d5757bbe0a4fb28a017f383a36b, type: 3}
      propertyPath: EmissionModule.m_Bursts.Array.data[0].countCurve.minCurve.m_Curve.Array.data[1].outWeight
      value: 0.33333334
      objectReference: {fileID: 0}
    - target: {fileID: 19869046, guid: f72d7d5757bbe0a4fb28a017f383a36b, type: 3}
      propertyPath: EmissionModule.m_Bursts.Array.data[0].countCurve.minCurve.m_PreInfinity
      value: 2
      objectReference: {fileID: 0}
    - target: {fileID: 19869046, guid: f72d7d5757bbe0a4fb28a017f383a36b, type: 3}
      propertyPath: EmissionModule.m_Bursts.Array.data[0].countCurve.minCurve.m_PostInfinity
      value: 2
      objectReference: {fileID: 0}
    - target: {fileID: 19869046, guid: f72d7d5757bbe0a4fb28a017f383a36b, type: 3}
      propertyPath: EmissionModule.m_Bursts.Array.data[0].countCurve.minCurve.m_RotationOrder
      value: 4
      objectReference: {fileID: 0}
    - target: {fileID: 19869046, guid: f72d7d5757bbe0a4fb28a017f383a36b, type: 3}
      propertyPath: EmissionModule.m_Bursts.Array.data[0].cycleCount
      value: 1
      objectReference: {fileID: 0}
    - target: {fileID: 19869046, guid: f72d7d5757bbe0a4fb28a017f383a36b, type: 3}
      propertyPath: EmissionModule.m_Bursts.Array.data[0].repeatInterval
      value: 0.01
      objectReference: {fileID: 0}
    - target: {fileID: 19869046, guid: f72d7d5757bbe0a4fb28a017f383a36b, type: 3}
      propertyPath: EmissionModule.m_Bursts.Array.data[0].probability
      value: 1
      objectReference: {fileID: 0}
    - target: {fileID: 19869046, guid: f72d7d5757bbe0a4fb28a017f383a36b, type: 3}
      propertyPath: RotationModule.enabled
      value: 1
      objectReference: {fileID: 0}
    - target: {fileID: 19869046, guid: f72d7d5757bbe0a4fb28a017f383a36b, type: 3}
      propertyPath: ForceModule.enabled
      value: 0
      objectReference: {fileID: 0}
    - target: {fileID: 19869046, guid: f72d7d5757bbe0a4fb28a017f383a36b, type: 3}
      propertyPath: ShapeModule.radiusThickness
      value: 1
      objectReference: {fileID: 0}
    - target: {fileID: 19869046, guid: f72d7d5757bbe0a4fb28a017f383a36b, type: 3}
      propertyPath: playOnAwake
      value: 0
      objectReference: {fileID: 0}
    - target: {fileID: 19869046, guid: f72d7d5757bbe0a4fb28a017f383a36b, type: 3}
      propertyPath: moveWithTransform
      value: 0
      objectReference: {fileID: 0}
    - target: {fileID: 19908902, guid: f72d7d5757bbe0a4fb28a017f383a36b, type: 3}
      propertyPath: m_Materials.Array.data[0]
      value: 
      objectReference: {fileID: 2100000, guid: 49b6b110bfa7be948af74d23530bf523, type: 2}
    - target: {fileID: 19908902, guid: f72d7d5757bbe0a4fb28a017f383a36b, type: 3}
      propertyPath: m_RenderMode
      value: 3
      objectReference: {fileID: 0}
    m_RemovedComponents: []
  m_SourcePrefab: {fileID: 100100000, guid: f72d7d5757bbe0a4fb28a017f383a36b, type: 3}
--- !u!1 &3308989549857115449 stripped
GameObject:
  m_CorrespondingSourceObject: {fileID: 166314, guid: f72d7d5757bbe0a4fb28a017f383a36b,
    type: 3}
  m_PrefabInstance: {fileID: 3308989549856949395}
  m_PrefabAsset: {fileID: 0}
--- !u!4 &3308989549856918105 stripped
Transform:
  m_CorrespondingSourceObject: {fileID: 495306, guid: f72d7d5757bbe0a4fb28a017f383a36b,
    type: 3}
  m_PrefabInstance: {fileID: 3308989549856949395}
  m_PrefabAsset: {fileID: 0}
--- !u!1001 &4615629083613284354
PrefabInstance:
  m_ObjectHideFlags: 0
  serializedVersion: 2
  m_Modification:
    m_TransformParent: {fileID: 3308989549856918105}
    m_Modifications:
    - target: {fileID: 166314, guid: f72d7d5757bbe0a4fb28a017f383a36b, type: 3}
      propertyPath: m_Name
      value: dissolve effect (2)
      objectReference: {fileID: 0}
    - target: {fileID: 495306, guid: f72d7d5757bbe0a4fb28a017f383a36b, type: 3}
      propertyPath: m_LocalPosition.x
      value: 0
      objectReference: {fileID: 0}
    - target: {fileID: 495306, guid: f72d7d5757bbe0a4fb28a017f383a36b, type: 3}
      propertyPath: m_LocalPosition.y
      value: 0
      objectReference: {fileID: 0}
    - target: {fileID: 495306, guid: f72d7d5757bbe0a4fb28a017f383a36b, type: 3}
      propertyPath: m_LocalPosition.z
      value: 0
      objectReference: {fileID: 0}
    - target: {fileID: 495306, guid: f72d7d5757bbe0a4fb28a017f383a36b, type: 3}
      propertyPath: m_LocalRotation.x
      value: -0.000000210734
      objectReference: {fileID: 0}
    - target: {fileID: 495306, guid: f72d7d5757bbe0a4fb28a017f383a36b, type: 3}
      propertyPath: m_LocalRotation.y
      value: -0
      objectReference: {fileID: 0}
    - target: {fileID: 495306, guid: f72d7d5757bbe0a4fb28a017f383a36b, type: 3}
      propertyPath: m_LocalRotation.z
      value: -0
      objectReference: {fileID: 0}
    - target: {fileID: 495306, guid: f72d7d5757bbe0a4fb28a017f383a36b, type: 3}
      propertyPath: m_LocalRotation.w
      value: 1
      objectReference: {fileID: 0}
    - target: {fileID: 495306, guid: f72d7d5757bbe0a4fb28a017f383a36b, type: 3}
      propertyPath: m_RootOrder
      value: 0
      objectReference: {fileID: 0}
    - target: {fileID: 495306, guid: f72d7d5757bbe0a4fb28a017f383a36b, type: 3}
      propertyPath: m_LocalEulerAnglesHint.x
      value: 0
      objectReference: {fileID: 0}
    - target: {fileID: 495306, guid: f72d7d5757bbe0a4fb28a017f383a36b, type: 3}
      propertyPath: m_LocalEulerAnglesHint.y
      value: 0
      objectReference: {fileID: 0}
    - target: {fileID: 495306, guid: f72d7d5757bbe0a4fb28a017f383a36b, type: 3}
      propertyPath: m_LocalEulerAnglesHint.z
      value: 90
      objectReference: {fileID: 0}
    - target: {fileID: 495306, guid: f72d7d5757bbe0a4fb28a017f383a36b, type: 3}
      propertyPath: m_LocalScale.x
      value: 1.0000218
      objectReference: {fileID: 0}
    - target: {fileID: 495306, guid: f72d7d5757bbe0a4fb28a017f383a36b, type: 3}
      propertyPath: m_LocalScale.y
      value: 1.0000157
      objectReference: {fileID: 0}
    - target: {fileID: 19869046, guid: f72d7d5757bbe0a4fb28a017f383a36b, type: 3}
      propertyPath: EmissionModule.rateOverTime.maxCurve.m_Curve.Array.size
      value: 2
      objectReference: {fileID: 0}
    - target: {fileID: 19869046, guid: f72d7d5757bbe0a4fb28a017f383a36b, type: 3}
      propertyPath: looping
      value: 0
      objectReference: {fileID: 0}
    - target: {fileID: 19869046, guid: f72d7d5757bbe0a4fb28a017f383a36b, type: 3}
      propertyPath: InitialModule.startSpeed.scalar
      value: -0.3
      objectReference: {fileID: 0}
    - target: {fileID: 19869046, guid: f72d7d5757bbe0a4fb28a017f383a36b, type: 3}
      propertyPath: InitialModule.startSpeed.minScalar
      value: -0.2
      objectReference: {fileID: 0}
    - target: {fileID: 19869046, guid: f72d7d5757bbe0a4fb28a017f383a36b, type: 3}
      propertyPath: InitialModule.startSize.scalar
      value: 0.2
      objectReference: {fileID: 0}
    - target: {fileID: 19869046, guid: f72d7d5757bbe0a4fb28a017f383a36b, type: 3}
      propertyPath: InitialModule.startSize.minScalar
      value: 0.3
      objectReference: {fileID: 0}
    - target: {fileID: 19869046, guid: f72d7d5757bbe0a4fb28a017f383a36b, type: 3}
      propertyPath: InitialModule.maxNumParticles
      value: 5000
      objectReference: {fileID: 0}
    - target: {fileID: 19869046, guid: f72d7d5757bbe0a4fb28a017f383a36b, type: 3}
      propertyPath: ShapeModule.type
      value: 12
      objectReference: {fileID: 0}
    - target: {fileID: 19869046, guid: f72d7d5757bbe0a4fb28a017f383a36b, type: 3}
      propertyPath: ShapeModule.m_SkinnedMeshRenderer
      value: 
      objectReference: {fileID: 0}
    - target: {fileID: 19869046, guid: f72d7d5757bbe0a4fb28a017f383a36b, type: 3}
      propertyPath: ShapeModule.radius.value
      value: 1.0535718
      objectReference: {fileID: 0}
    - target: {fileID: 19869046, guid: f72d7d5757bbe0a4fb28a017f383a36b, type: 3}
      propertyPath: ShapeModule.radius.mode
      value: 1
      objectReference: {fileID: 0}
    - target: {fileID: 19869046, guid: f72d7d5757bbe0a4fb28a017f383a36b, type: 3}
      propertyPath: ShapeModule.arc.mode
      value: 1
      objectReference: {fileID: 0}
    - target: {fileID: 19869046, guid: f72d7d5757bbe0a4fb28a017f383a36b, type: 3}
      propertyPath: EmissionModule.rateOverTime.minMaxState
      value: 0
      objectReference: {fileID: 0}
    - target: {fileID: 19869046, guid: f72d7d5757bbe0a4fb28a017f383a36b, type: 3}
      propertyPath: EmissionModule.rateOverTime.scalar
      value: 100
      objectReference: {fileID: 0}
    - target: {fileID: 19869046, guid: f72d7d5757bbe0a4fb28a017f383a36b, type: 3}
      propertyPath: EmissionModule.rateOverTime.maxCurve.m_Curve.Array.data[0].time
      value: 0.03409195
      objectReference: {fileID: 0}
    - target: {fileID: 19869046, guid: f72d7d5757bbe0a4fb28a017f383a36b, type: 3}
      propertyPath: EmissionModule.rateOverTime.maxCurve.m_Curve.Array.data[0].value
      value: 0.6652527
      objectReference: {fileID: 0}
    - target: {fileID: 19869046, guid: f72d7d5757bbe0a4fb28a017f383a36b, type: 3}
      propertyPath: EmissionModule.rateOverTime.maxCurve.m_Curve.Array.data[1].time
      value: 1
      objectReference: {fileID: 0}
    - target: {fileID: 19869046, guid: f72d7d5757bbe0a4fb28a017f383a36b, type: 3}
      propertyPath: EmissionModule.rateOverTime.maxCurve.m_Curve.Array.data[1].value
      value: 1
      objectReference: {fileID: 0}
    - target: {fileID: 19869046, guid: f72d7d5757bbe0a4fb28a017f383a36b, type: 3}
      propertyPath: RotationModule.enabled
      value: 1
      objectReference: {fileID: 0}
    - target: {fileID: 19869046, guid: f72d7d5757bbe0a4fb28a017f383a36b, type: 3}
      propertyPath: ForceModule.enabled
      value: 0
      objectReference: {fileID: 0}
    - target: {fileID: 19869046, guid: f72d7d5757bbe0a4fb28a017f383a36b, type: 3}
      propertyPath: ShapeModule.radiusThickness
      value: 1
      objectReference: {fileID: 0}
    - target: {fileID: 19869046, guid: f72d7d5757bbe0a4fb28a017f383a36b, type: 3}
      propertyPath: playOnAwake
      value: 0
      objectReference: {fileID: 0}
    - target: {fileID: 19869046, guid: f72d7d5757bbe0a4fb28a017f383a36b, type: 3}
      propertyPath: moveWithTransform
      value: 0
      objectReference: {fileID: 0}
    - target: {fileID: 19908902, guid: f72d7d5757bbe0a4fb28a017f383a36b, type: 3}
      propertyPath: m_Materials.Array.data[0]
      value: 
      objectReference: {fileID: 2100000, guid: 49b6b110bfa7be948af74d23530bf523, type: 2}
    - target: {fileID: 19908902, guid: f72d7d5757bbe0a4fb28a017f383a36b, type: 3}
      propertyPath: m_RenderMode
      value: 3
      objectReference: {fileID: 0}
    m_RemovedComponents: []
  m_SourcePrefab: {fileID: 100100000, guid: f72d7d5757bbe0a4fb28a017f383a36b, type: 3}
